Monarchs vs Blackdemons
Created - 27 septembre 2014 at 19:31
Goals
|
| Monarchs |
1 |
1 |
1 |
3 |
| Blackdemons |
0 |
1 |
3 |
4 |
|
Shots
|
| Monarchs |
11 |
12 |
17 |
40 |
| Blackdemons |
15 |
8 |
10 |
33 |
|
1st period
1. Monarchs , Peter Schaefer 1 (Randy Robitaille) at 8:13 (SH)
Penalties :
Matt Martin (MAN) for Tripping (Minor) at 2:37, Brock Trotter (MAN) for Hooking (Minor) at 8:05, Shawn Matthias (MJM) for Hooking (Minor) at 16:34
2nd period
2. Blackdemons , Michael Kostka 1 (Michael Haley, Martin Biron) at 16:47 (PP)
3. Monarchs , Brian Gionta 4 (Brian Pothier, James Wisniewski) at 19:59 (PP)
Penalties :
Brian Gionta (MAN) for High sticking (Minor) at 2:36, Frederic St-Denis (MAN) for Slashing (Minor) at 16:09, Peter Schaefer (MAN) for Elbowing (Minor) at 17:42, Brendon Nash (MJM) for Tripping (Minor) at 19:15
3rd period
4. Blackdemons , Matt Calvert 1 (Jakub Kindl, Wayne Primeau) at 0:41
5. Blackdemons , Barry Tallackson 1 (Andrew MacDonald, Shawn Matthias) at 3:56
6. Monarchs , Dwight King 1 (Justin Schultz, Trevor Lewis) at 10:09
7. Blackdemons , Enver Lisin 1 (Sam Gagner, Zach Boychuk) at 13:42 (PP)
Penalties :
Brian Pothier (MAN) for Holding (Minor) at 13:39, Brian Gionta (MAN) for Hooking (Minor) at 15:23
Goalie Stats
Sergei Bobrovsky (MAN), 29 saves from 33 shots - (0,879), L, 0-2-1, 59:42 minutes
Martin Biron (MJM), 37 saves from 40 shots - (0,925), W, 2-0-0, 60:00 minutes
Players Stats for Monarchs
Player Name G A P +/- PIM S H SB GA TA FO MP PP MP PK MP
------------------------------------------------------------------------------------
Alec Martinez 0 0 0 0 0 0 0 0 0 0 0/0 8:28 0:00 0:03
Anthony Peluso 0 0 0 1 0 0 1 0 0 0 0/1 7:18 0:00 0:00
Brayden Schenn 0 0 0 -1 0 2 2 0 0 0 11/36 19:40 1:29 0:59
Brian Gionta 1 0 1 -1 4 11 1 1 1 0 1/1 19:33 1:29 1:29
Brian Pothier 0 1 1 0 2 3 2 2 1 1 0/0 21:30 0:59 6:25
Brock Trotter 0 0 0 0 2 2 1 0 0 0 1/2 11:20 0:36 1:05
David Clarkson 0 0 0 -1 0 3 2 0 0 0 0/3 17:12 0:48 3:00
Dwight King 1 0 1 1 0 2 0 1 1 0 0/0 7:41 0:16 0:07
Frederic St-Denis 0 0 0 -1 2 1 0 0 0 0 0/0 9:08 0:00 3:42
James Wisniewski 0 1 1 1 0 3 3 1 0 0 0/0 15:40 0:18 6:28
John Moore 0 0 0 1 0 4 2 0 0 1 0/0 20:52 1:18 0:00
Justin Schultz 0 1 1 1 0 0 3 1 1 2 0/0 21:53 1:18 0:00
Kyle Wharton 0 0 0 -1 0 1 0 0 0 0 0/0 9:09 0:00 3:42
Marc-André Bernier 0 0 0 0 0 2 1 0 0 0 0/0 10:49 0:00 0:00
Matt Martin 0 0 0 -1 2 0 2 0 0 0 1/2 13:19 0:48 0:00
Peter Schaefer 1 0 1 0 2 4 2 1 3 2 2/3 22:40 1:25 4:49
Randy Robitaille 0 1 1 0 0 2 1 0 1 0 6/17 18:25 0:00 5:51
Slava Voynov 0 0 0 -1 0 0 0 0 0 1 0/0 13:18 0:41 0:00
Tommy Wingels 0 0 0 0 0 0 0 0 0 0 2/5 14:04 0:00 3:00
Trevor Lewis 0 1 1 1 0 0 0 0 1 0 0/2 7:18 0:00 0:00
Players Stats for Blackdemons
Player Name G A P +/- PIM S H SB GA TA FO MP PP MP PK MP
------------------------------------------------------------------------------------
Alyn McCauley 0 0 0 1 0 0 2 0 0 0 1/1 11:18 0:03 0:11
Andrew MacDonald 0 1 1 1 0 0 1 0 0 2 0/0 17:28 4:06 0:06
Barry Tallackson 1 0 1 1 0 2 1 1 1 0 0/1 18:41 4:19 0:00
Brendon Nash 0 0 0 -1 2 2 2 2 0 0 0/0 24:51 6:03 0:00
Enver Lisin 1 0 1 -2 0 3 2 1 4 0 3/4 22:50 5:37 0:43
Jakub Kindl 0 1 1 0 0 1 2 1 0 2 0/0 16:01 0:00 1:27
Luca Caputi 0 0 0 0 0 0 2 1 0 0 0/0 7:06 0:20 0:00
Mathieu Dandenault 0 0 0 0 0 3 3 0 0 1 0/0 8:18 0:04 1:28
Matt Calvert 1 0 1 1 0 1 0 0 0 0 0/0 10:34 0:20 0:00
Matt Hunwick 0 0 0 1 0 1 0 0 0 0 0/0 14:13 0:00 1:21
Michael Haley 0 1 1 1 0 1 1 1 0 1 0/0 18:14 4:13 0:47
Michael Kostka 1 0 1 -1 0 5 0 1 0 1 0/0 22:52 6:04 0:50
Nate Prosser 0 0 0 0 0 2 1 2 0 0 0/0 24:34 4:06 0:50
Sam Gagner 0 1 1 -2 0 9 1 1 0 1 25/40 22:08 5:37 0:02
Shawn Matthias 0 1 1 1 2 3 2 0 0 0 7/12 17:33 4:20 0:00
Steven Zalewski 0 0 0 0 0 0 1 2 0 0 1/2 6:27 0:00 0:00
Wayne Primeau 0 1 1 1 0 0 1 0 1 1 9/10 12:27 0:00 1:23
Zach Boychuk 0 1 1 -2 0 0 3 1 1 0 2/2 21:40 5:37 0:00
3 Stars
1 - Barry Tallackson (MJM)
2 - Dwight King (MAN)
3 - Matt Calvert (MJM)
Power Play
Monarchs - 1 on 2 Attempt(s) - 50,00%
Blackdemons - 2 on 7 Attempt(s) - 28,57%
Penalty Kill
Monarchs - 5 on 7 Attempt(s) - 71,43%
- Score 1 goal in Penalty Kill
Blackdemons - 1 on 2 Attempt(s) - 50,00%
- Score 0 goal in Penalty Kill
Official
Referees : Watson Brad and Banfield David
Linesman : Tony Sericolo and Michel Cormier
Game Notes
0:41 of 3rd period - Blackdemons goal is going for a video replay. After video review, Goal.
13:42 of 3rd period - Blackdemons goal is going for a video replay. After video review, Goal.
Finance
Level 1 -- Attendance: 1515 (75,75%) -- Ticket Income 45 450 $
Level 2 -- Attendance: 669 (66,90%) -- Ticket Income 6 690 $
Total Attendance: 2184 (72,80%)
Total Ticket Income: 52 140 $
Other Income: 2 607 $
Total Income: 54 747 $
Monarchs
5 vs 5 Forward
Center Left Wing Right Wing Time % Phy DF OF
1 Brayden Schenn Peter Schaefer Brian Gionta 40 1 1 3
2 Randy Robitaille Matt Martin David Clarkson 30 2 1 2
3 Tommy Wingels Brock Trotter Marc-André Bernier 20 1 2 2
4 Trevor Lewis Dwight King Anthony Peluso 10 1 3 1
5 vs 5 Defense
Defense Defense Time % Phy DF OF
1 John Moore Justin Schultz 40 0 2 3
2 Brian Pothier Slava Voynov 30 0 3 2
3 Alec Martinez James Wisniewski 20 0 3 2
4 Kyle Wharton Frederic St-Denis 10 0 4 1
PowerPlay Forward
Center Left Wing Right Wing Time % Phy DF OF
1 Brayden Schenn Peter Schaefer Brian Gionta 60 0 1 4
2 Peter Schaefer Matt Martin David Clarkson 40 1 1 3
PowerPlay Defense
Defense Defense Time % Phy DF OF
1 John Moore Justin Schultz 60 0 2 3
2 Brian Pothier Slava Voynov 40 0 3 2
Penalty Kill 4 Players Forward
Center Wing Time % Phy DF OF
1 Randy Robitaille Peter Schaefer 60 1 4 0
2 Tommy Wingels David Clarkson 40 1 4 0
Penalty Kill 4 Players Defense
Defense Defense Time % Phy DF OF
1 Brian Pothier James Wisniewski 60 1 4 0
2 Frederic St-Denis Kyle Wharton 40 1 4 0
Penalty Kill - 3 Players Forward
Forward Time % Phy DF OF
1 Randy Robitaille 60 1 2 2
2 Peter Schaefer 40 1 2 2
Penalty Kill - 3 Players Defense
Defense Defense Time % Phy DF OF
1 Brian Pothier James Wisniewski 60 1 4 0
2 Frederic St-Denis Kyle Wharton 40 1 4 0
4 vs 4 Forward
Center Wing Time % Phy DF OF
1 Brayden Schenn Peter Schaefer 60 1 2 2
2 Brian Gionta David Clarkson 40 1 2 2
4 vs 4 Defense
Defense Defense Time % Phy DF OF
1 James Wisniewski Brian Pothier 60 0 3 2
2 Alec Martinez Kyle Wharton 40 0 3 2
Last Minutes Offensive
Center Left Wing Right Wing Defense Defense
Brayden Schenn Peter Schaefer Brian Gionta Brian Pothier Justin Schultz
Last Minutes Defensive
Center Left Wing Right Wing Defense Defense
Brayden Schenn Peter Schaefer Brian Gionta Brian Pothier John Moore
Goaltenders
Starting : Sergei Bobrovsky
Backup : Peter Budaj
Extra Forwards
Normal : Brayden Schenn, Randy Robitaille, Brian Gionta - PP : Brock Trotter, Dwight King - PK : Brian Gionta
Extra Defensemen
Normal : Justin Schultz, John Moore, Slava Voynov - PP : Alec Martinez - PK : Alec Martinez, John Moore
Penalty Shots
Brian Gionta, Tommy Wingels, Peter Schaefer, David Clarkson, Marc-André Bernier
Blackdemons
5 vs 5 Forward
Center Left Wing Right Wing Time % Phy DF OF
1 Sam Gagner Zach Boychuk Enver Lisin 40 1 1 3
2 Shawn Matthias Michael Haley Barry Tallackson 30 3 2 0
3 Wayne Primeau Matt Calvert Alyn McCauley 20 0 4 1
4 Steven Zalewski Luca Caputi Mathieu Dandenault 10 0 5 0
5 vs 5 Defense
Defense Defense Time % Phy DF OF
1 Nate Prosser Brendon Nash 38 1 3 1
2 Michael Kostka Jakub Kindl 36 1 3 1
3 Matt Hunwick Andrew MacDonald 26 1 3 1
4 Matt Hunwick Andrew MacDonald 0 0 5 0
PowerPlay Forward
Center Left Wing Right Wing Time % Phy DF OF
1 Sam Gagner Zach Boychuk Enver Lisin 60 1 0 4
2 Shawn Matthias Michael Haley Barry Tallackson 40 3 0 2
PowerPlay Defense
Defense Defense Time % Phy DF OF
1 Michael Kostka Brendon Nash 60 1 2 2
2 Nate Prosser Andrew MacDonald 40 1 2 2
Penalty Kill 4 Players Forward
Center Wing Time % Phy DF OF
1 Wayne Primeau Mathieu Dandenault 70 1 4 0
2 Alyn McCauley Barry Tallackson 30 0 4 1
Penalty Kill 4 Players Defense
Defense Defense Time % Phy DF OF
1 Matt Hunwick Jakub Kindl 60 1 4 0
2 Nate Prosser Michael Kostka 40 1 3 1
Penalty Kill - 3 Players Forward
Forward Time % Phy DF OF
1 Wayne Primeau 60 0 5 0
2 Mathieu Dandenault 40 0 5 0
Penalty Kill - 3 Players Defense
Defense Defense Time % Phy DF OF
1 Matt Hunwick Jakub Kindl 60 1 4 0
2 Nate Prosser Michael Kostka 40 1 4 0
4 vs 4 Forward
Center Wing Time % Phy DF OF
1 Sam Gagner Enver Lisin 60 0 3 2
2 Shawn Matthias Zach Boychuk 40 1 3 1
4 vs 4 Defense
Defense Defense Time % Phy DF OF
1 Brendon Nash Andrew MacDonald 60 1 3 1
2 Michael Kostka Jakub Kindl 40 1 3 1
Last Minutes Offensive
Center Left Wing Right Wing Defense Defense
Sam Gagner Shawn Matthias Enver Lisin Michael Kostka Brendon Nash
Last Minutes Defensive
Center Left Wing Right Wing Defense Defense
Wayne Primeau Alyn McCauley Barry Tallackson Matt Hunwick Nate Prosser
Goaltenders
Starting : Martin Biron
Backup : Matt Hackett
Extra Forwards
Normal : Matt Calvert, Zach Boychuk, Shawn Matthias - PP : Matt Calvert, Luca Caputi - PK : Enver Lisin
Extra Defensemen
Normal : Brendon Nash, Jakub Kindl, Andrew MacDonald - PP : Jakub Kindl - PK : Brendon Nash, Andrew MacDonald
Penalty Shots
Barry Tallackson, Enver Lisin, Shawn Matthias, Wayne Primeau, Alyn McCauley
% Time on Ice - Monarchs
Lines # - Real PCT - Wanted PCT - Time Play
Normal Forward
1 - 33% - 40% - 15:17
2 - 30% - 30% - 13:43
3 - 21% - 20% - 9:39
4 - 16% - 10% - 7:18
Normal Defense
1 - 42% - 40% - 19:28
2 - 31% - 30% - 14:27
3 - 18% - 20% - 8:25
4 - 8% - 10% - 3:37
PP Forward
1 - 65% - 60% - 1:29
2 - 35% - 40% - 0:48
PP Defense
1 - 70% - 60% - 1:36
2 - 30% - 40% - 0:41
PK Forward
1 - 70% - 60% - 7:10
2 - 30% - 40% - 3:00
PK Defense
1 - 64% - 60% - 6:28
2 - 36% - 40% - 3:42
PK3 Forward
1 - 0% - 60%
2 - 0% - 40%
PK3 Defense
1 - 0% - 60%
2 - 0% - 40%
44 Forward
1 - 100% - 60% - 0:26
2 - 0% - 40% - 0:00
44 Defense
1 - 100% - 60% - 0:26
2 - 0% - 40% - 0:00
Last Minute Offensive - 1:10
Last Minute Defensive - 0:00
Total
Forward - 60:00
Defense - 60:00
|
% Time on Ice - Blackdemons
Lines # - Real PCT - Wanted PCT - Time Play
Normal Forward
1 - 35% - 40% - 16:04
2 - 29% - 30% - 13:32
3 - 22% - 20% - 9:55
4 - 14% - 10% - 6:27
Normal Defense
1 - 40% - 38% - 18:25
2 - 34% - 36% - 15:50
3 - 25% - 26% - 11:43
4 - 0% - 0% - 0:00
PP Forward
1 - 57% - 60% - 5:46
2 - 43% - 40% - 4:24
PP Defense
1 - 60% - 60% - 6:04
2 - 40% - 40% - 4:06
PK Forward
1 - 100% - 70% - 2:17
2 - 0% - 30% - 0:00
PK Defense
1 - 64% - 60% - 1:27
2 - 36% - 40% - 0:50
PK3 Forward
1 - 0% - 60%
2 - 0% - 40%
PK3 Defense
1 - 0% - 60%
2 - 0% - 40%
44 Forward
1 - 100% - 60% - 0:26
2 - 0% - 40% - 0:00
44 Defense
1 - 100% - 60% - 0:26
2 - 0% - 40% - 0:00
Last Minute Offensive - 0:00
Last Minute Defensive - 1:09
Total
Forward - 60:00
Defense - 60:00
|
Play by Play
1st period
0:01 of 1st period - Sam Gagner wins face-off versus Brayden Schenn in neutral zone.
0:04 of 1st period - Justin Schultz is hit by Zach Boychuk.
0:07 of 1st period - Off-side.
0:08 of 1st period - Sam Gagner wins face-off versus Brayden Schenn in neutral zone.
0:19 of 1st period - Snap shot by Sam Gagner.
0:19 of 1st period - Stopped by Sergei Bobrovsky without a rebound.
0:20 of 1st period - Randy Robitaille wins face-off versus Shawn Matthias in Monarchs zone.
0:35 of 1st period - Slapshot by Barry Tallackson.
0:35 of 1st period - Shot Misses the Net.
0:45 of 1st period - Snap shot by Mathieu Dandenault.
0:45 of 1st period - Stopped by Sergei Bobrovsky without a rebound.
0:46 of 1st period - Steven Zalewski wins face-off versus Tommy Wingels in Monarchs zone.
0:47 of 1st period - Wrist shot by Mathieu Dandenault.
0:47 of 1st period - Shot Blocked by James Wisniewski.
1:21 of 1st period - Snap shot by Wayne Primeau.
1:21 of 1st period - Shot Misses the Net.
1:34 of 1st period - Icing by Alec Martinez.
1:35 of 1st period - Sam Gagner wins face-off versus Brayden Schenn in Monarchs zone.
1:36 of 1st period - Slapshot by Enver Lisin.
1:36 of 1st period - Stopped by Sergei Bobrovsky with a rebound.
1:38 of 1st period - Wrist shot by Enver Lisin.
1:38 of 1st period - Deflect By Sam Gagner.
1:38 of 1st period - Stopped by Sergei Bobrovsky without a rebound.
1:39 of 1st period - Shawn Matthias wins face-off versus Brayden Schenn in Monarchs zone.
1:42 of 1st period - Slapshot by Michael Kostka.
1:42 of 1st period - Shot Misses the Net.
2:04 of 1st period - Michael Kostka is hit by Justin Schultz and loses puck.
2:34 of 1st period - Icing by Michael Kostka.
2:35 of 1st period - Randy Robitaille wins face-off versus Shawn Matthias in Blackdemons zone.
2:37 of 1st period - Minor Penalty to Matt Martin for Tripping.
2:38 of 1st period - Sam Gagner wins face-off versus Randy Robitaille in Monarchs zone.
4:37 of 1st period - Penalty to Matt Martin is over, Matt Martin is back on ice.
4:56 of 1st period - Kyle Wharton is hit by Mathieu Dandenault and loses puck.
5:13 of 1st period - Slapshot by Dwight King.
5:13 of 1st period - Shot Misses the Net.
5:25 of 1st period - Tommy Wingels is hit by Steven Zalewski and loses puck.
5:35 of 1st period - Icing by Brendon Nash.
5:36 of 1st period - Sam Gagner wins face-off versus Anthony Peluso in Blackdemons zone.
5:51 of 1st period - Snap shot by Dwight King.
5:51 of 1st period - Shot Hit the Post.
6:07 of 1st period - Barry Tallackson is hit by Justin Schultz and loses puck.
6:46 of 1st period - Snap shot by Sam Gagner.
6:46 of 1st period - Shot Misses the Net.
6:48 of 1st period - Backhand shot by Enver Lisin.
6:48 of 1st period - Stopped by Sergei Bobrovsky without a rebound.
6:49 of 1st period - Sam Gagner wins face-off versus Brayden Schenn in Monarchs zone.
6:50 of 1st period - Backhand shot by Enver Lisin.
6:50 of 1st period - Shot Misses the Net.
6:58 of 1st period - Wrist shot by Brian Gionta.
6:58 of 1st period - Stopped by Martin Biron with a rebound.
7:00 of 1st period - Snap shot by Brian Gionta.
7:00 of 1st period - Stopped by Martin Biron with a rebound.
7:02 of 1st period - Wrist shot by Brian Gionta.
7:02 of 1st period - Stopped by Martin Biron with a rebound.
7:14 of 1st period - Randy Robitaille is hit by Shawn Matthias and loses puck.
7:23 of 1st period - Michael Haley is hit by David Clarkson and loses puck.
7:34 of 1st period - Snap shot by Brock Trotter.
7:34 of 1st period - Stopped by Martin Biron with a rebound.
7:36 of 1st period - Snap shot by John Moore.
7:36 of 1st period - Stopped by Martin Biron without a rebound.
7:37 of 1st period - Wayne Primeau wins face-off versus Tommy Wingels in Blackdemons zone.
8:01 of 1st period - Slapshot by Michael Kostka.
8:01 of 1st period - Stopped by Sergei Bobrovsky with a rebound.
8:03 of 1st period - Slapshot by Matt Hunwick.
8:03 of 1st period - Stopped by Sergei Bobrovsky with a rebound.
8:05 of 1st period - Minor Penalty to Brock Trotter for Hooking.
8:06 of 1st period - Randy Robitaille wins face-off versus Enver Lisin in Monarchs zone.
8:13 of 1st period - Snap shot by Peter Schaefer.
8:13 of 1st period - Goal by Peter Schaefer - Monarchs : 1 - Blackdemons : 0.
8:14 of 1st period - Sam Gagner wins face-off versus Randy Robitaille in neutral zone.
8:19 of 1st period - Wrist shot by Sam Gagner.
8:19 of 1st period - Stopped by Sergei Bobrovsky without a rebound.
8:20 of 1st period - Randy Robitaille wins face-off versus Sam Gagner in Monarchs zone.
8:31 of 1st period - Wrist shot by Enver Lisin.
8:31 of 1st period - Shot Blocked by Peter Schaefer.
8:33 of 1st period - Snap shot by Enver Lisin.
8:33 of 1st period - Shot Misses the Net.
8:35 of 1st period - Wrist shot by Michael Kostka.
8:35 of 1st period - Shot Blocked by Brian Pothier.
10:05 of 1st period - Penalty to Brock Trotter is over, Brock Trotter is back on ice.
11:23 of 1st period - Brian Gionta is hit by Luca Caputi and loses puck.
11:49 of 1st period - Wrist shot by Randy Robitaille.
11:49 of 1st period - Shot Blocked by Jakub Kindl.
12:11 of 1st period - Icing by Michael Kostka.
12:12 of 1st period - Brayden Schenn wins face-off versus Steven Zalewski in Blackdemons zone.
12:37 of 1st period - Snap shot by Mathieu Dandenault.
12:37 of 1st period - Stopped by Sergei Bobrovsky with a rebound.
12:58 of 1st period - Slapshot by Michael Kostka.
12:58 of 1st period - Shot Misses the Net.
13:00 of 1st period - Snap shot by Mathieu Dandenault.
13:00 of 1st period - Stopped by Sergei Bobrovsky without a rebound.
13:01 of 1st period - Zach Boychuk wins face-off versus Brayden Schenn in Monarchs zone.
13:32 of 1st period - Snap shot by David Clarkson.
13:32 of 1st period - Shot Misses the Net.
13:34 of 1st period - Wrist shot by Brian Pothier.
13:34 of 1st period - Deflect By Barry Tallackson.
13:34 of 1st period - Stopped by Martin Biron with a rebound.
13:48 of 1st period - Brock Trotter is hit by Alyn McCauley and loses puck.
14:13 of 1st period - Slapshot by James Wisniewski.
14:13 of 1st period - Deflect By Sam Gagner.
14:13 of 1st period - Stopped by Martin Biron without a rebound.
14:14 of 1st period - Sam Gagner wins face-off versus Trevor Lewis in Blackdemons zone.
14:31 of 1st period - Slapshot by Enver Lisin.
14:31 of 1st period - Shot Misses the Net.
14:33 of 1st period - Snap shot by Sam Gagner.
14:33 of 1st period - Stopped by Sergei Bobrovsky with a rebound.
14:55 of 1st period - Backhand shot by Sam Gagner.
14:55 of 1st period - Shot Misses the Net.
14:57 of 1st period - Snap shot by Enver Lisin.
14:57 of 1st period - Deflect By Sam Gagner.
14:57 of 1st period - Stopped by Sergei Bobrovsky without a rebound.
14:58 of 1st period - Brayden Schenn wins face-off versus Shawn Matthias in Monarchs zone.
15:23 of 1st period - Wayne Primeau is hit by Matt Martin and loses puck.
15:32 of 1st period - Brian Pothier is hit by Wayne Primeau and loses puck.
15:43 of 1st period - Steven Zalewski is hit by Brian Pothier.
16:11 of 1st period - Backhand shot by Shawn Matthias.
16:11 of 1st period - Stopped by Sergei Bobrovsky without a rebound.
16:12 of 1st period - Shawn Matthias wins face-off versus Brayden Schenn in Monarchs zone.
16:19 of 1st period - Michael Haley is hit by Brayden Schenn and loses puck.
16:34 of 1st period - Minor Penalty to Shawn Matthias for Hooking.
16:35 of 1st period - Wayne Primeau wins face-off versus Brayden Schenn in Blackdemons zone.
17:20 of 1st period - Slapshot by Brock Trotter.
17:20 of 1st period - Stopped by Martin Biron without a rebound.
17:21 of 1st period - Wayne Primeau wins face-off versus Brock Trotter in Blackdemons zone.
17:21 of 1st period - Wayne Primeau is hit by David Clarkson.
18:34 of 1st period - Penalty to Shawn Matthias is over, Shawn Matthias is back on ice.
18:58 of 1st period - Shawn Matthias is hit by Anthony Peluso and loses puck.
19:19 of 1st period - Slapshot by David Clarkson.
19:19 of 1st period - Shot Blocked by Michael Haley.
19:21 of 1st period - Snap shot by Randy Robitaille.
19:21 of 1st period - Shot Misses the Net.
19:23 of 1st period - Snap shot by David Clarkson.
19:23 of 1st period - Shot Misses the Net.
19:35 of 1st period - Slapshot by Michael Kostka.
19:35 of 1st period - Stopped by Sergei Bobrovsky with a rebound.
19:37 of 1st period - Slapshot by Michael Kostka.
19:37 of 1st period - Stopped by Sergei Bobrovsky without a rebound.
19:38 of 1st period - Wayne Primeau wins face-off versus Brayden Schenn in Monarchs zone.
19:47 of 1st period - Slapshot by Peter Schaefer.
19:47 of 1st period - Shot Misses the Net.
19:49 of 1st period - Wrist shot by John Moore.
19:49 of 1st period - Stopped by Martin Biron without a rebound.
19:50 of 1st period - Sam Gagner wins face-off versus Brayden Schenn in Blackdemons zone.
19:55 of 1st period - Slapshot by Brian Gionta.
19:55 of 1st period - Stopped by Martin Biron with a rebound.
Goals for this period are 1 for Monarchs vs 0 for Blackdemons.
Shots for this period are 11 for Monarchs vs 15 for Blackdemons.
2nd period
0:01 of 2nd period - Brayden Schenn wins face-off versus Sam Gagner in neutral zone.
0:06 of 2nd period - Sam Gagner is hit by Peter Schaefer.
1:34 of 2nd period - Wrist shot by Brian Pothier.
1:34 of 2nd period - Shot Blocked by Zach Boychuk.
1:54 of 2nd period - Wrist shot by Barry Tallackson.
1:54 of 2nd period - Shot Blocked by Dwight King.
1:56 of 2nd period - Snap shot by Michael Haley.
1:56 of 2nd period - Stopped by Sergei Bobrovsky without a rebound.
1:57 of 2nd period - Brayden Schenn wins face-off versus Shawn Matthias in Monarchs zone.
2:06 of 2nd period - Michael Haley is hit by Brayden Schenn and loses puck.
2:33 of 2nd period - Backhand shot by Sam Gagner.
2:33 of 2nd period - Stopped by Sergei Bobrovsky without a rebound.
2:34 of 2nd period - Peter Schaefer wins face-off versus Sam Gagner in Monarchs zone.
2:36 of 2nd period - Minor Penalty to Brian Gionta for High sticking.
2:37 of 2nd period - Sam Gagner wins face-off versus Randy Robitaille in Monarchs zone.
3:11 of 2nd period - Wrist shot by Shawn Matthias.
3:11 of 2nd period - Stopped by Sergei Bobrovsky with a rebound.
3:13 of 2nd period - Slapshot by Brendon Nash.
3:13 of 2nd period - Stopped by Sergei Bobrovsky with a rebound.
4:36 of 2nd period - Penalty to Brian Gionta is over, Brian Gionta is back on ice.
4:45 of 2nd period - Snap shot by Dwight King.
4:45 of 2nd period - Shot Blocked by Luca Caputi.
5:13 of 2nd period - Michael Kostka is hit by Marc-André Bernier and loses puck.
5:21 of 2nd period - Icing by Michael Kostka.
5:22 of 2nd period - Alyn McCauley wins face-off versus Brayden Schenn in Blackdemons zone.
5:47 of 2nd period - Snap shot by Shawn Matthias.
5:47 of 2nd period - Shot Misses the Net.
6:26 of 2nd period - Off-side.
6:27 of 2nd period - Enver Lisin wins face-off versus David Clarkson in neutral zone.
6:30 of 2nd period - Randy Robitaille is hit by Nate Prosser and loses puck.
6:55 of 2nd period - Slapshot by Brian Pothier.
6:55 of 2nd period - Stopped by Martin Biron without a rebound.
6:56 of 2nd period - Shawn Matthias wins face-off versus Brayden Schenn in Blackdemons zone.
7:01 of 2nd period - Snap shot by Shawn Matthias.
7:01 of 2nd period - Shot Blocked by Brian Gionta.
7:30 of 2nd period - Snap shot by Brian Gionta.
7:30 of 2nd period - Stopped by Martin Biron with a rebound.
7:32 of 2nd period - Wrist shot by Brayden Schenn.
7:32 of 2nd period - Stopped by Martin Biron with a rebound.
7:48 of 2nd period - Brayden Schenn is hit by Brendon Nash.
8:00 of 2nd period - Wrist shot by Brian Gionta.
8:00 of 2nd period - Stopped by Martin Biron without a rebound.
8:01 of 2nd period - Enver Lisin wins face-off versus David Clarkson in Blackdemons zone.
8:06 of 2nd period - Matt Martin is hit by Zach Boychuk and loses puck.
8:17 of 2nd period - Randy Robitaille is hit by Zach Boychuk and loses puck.
8:34 of 2nd period - Matt Calvert is hit by Brock Trotter and loses puck.
9:57 of 2nd period - Icing by Matt Hunwick.
9:58 of 2nd period - Sam Gagner wins face-off versus Brayden Schenn in Blackdemons zone.
10:40 of 2nd period - Sam Gagner is hit by James Wisniewski and loses puck.
10:55 of 2nd period - Wrist shot by David Clarkson.
10:55 of 2nd period - Deflect By Nate Prosser.
10:55 of 2nd period - Stopped by Martin Biron without a rebound.
10:56 of 2nd period - Brayden Schenn wins face-off versus Wayne Primeau in Blackdemons zone.
10:59 of 2nd period - Snap shot by Brian Gionta.
10:59 of 2nd period - Deflect By Peter Schaefer.
10:59 of 2nd period - Stopped by Martin Biron without a rebound.
11:00 of 2nd period - Sam Gagner wins face-off versus Brayden Schenn in Blackdemons zone.
11:13 of 2nd period - Icing by Brian Gionta.
11:14 of 2nd period - Brian Gionta wins face-off versus Sam Gagner in Monarchs zone.
12:40 of 2nd period - Brian Pothier is hit by Mathieu Dandenault and loses puck.
13:05 of 2nd period - Slapshot by David Clarkson.
13:05 of 2nd period - Deflect By Randy Robitaille.
13:05 of 2nd period - Stopped by Martin Biron without a rebound.
13:06 of 2nd period - Matt Martin wins face-off versus Sam Gagner in Blackdemons zone.
13:19 of 2nd period - Snap shot by Zach Boychuk.
13:19 of 2nd period - Shot Misses the Net.
13:42 of 2nd period - Backhand shot by Peter Schaefer.
13:42 of 2nd period - Stopped by Martin Biron with a rebound.
14:02 of 2nd period - Slapshot by Brendon Nash.
14:02 of 2nd period - Deflect By Marc-André Bernier.
14:02 of 2nd period - Stopped by Sergei Bobrovsky with a rebound.
14:46 of 2nd period - Slapshot by Justin Schultz.
14:46 of 2nd period - Shot Blocked by Brendon Nash.
14:56 of 2nd period - Brayden Schenn is hit by Michael Haley and loses puck.
15:24 of 2nd period - Snap shot by Marc-André Bernier.
15:24 of 2nd period - Stopped by Martin Biron with a rebound.
15:44 of 2nd period - Slapshot by Brian Pothier.
15:44 of 2nd period - Deflect By Randy Robitaille.
15:44 of 2nd period - Shot Blocked by Enver Lisin.
15:44 of 2nd period - Puck is out of play.
15:45 of 2nd period - Sam Gagner wins face-off versus Randy Robitaille in Blackdemons zone.
16:09 of 2nd period - Minor Penalty to Frederic St-Denis for Slashing.
16:10 of 2nd period - Randy Robitaille wins face-off versus Sam Gagner in Monarchs zone.
16:10 of 2nd period - Randy Robitaille is hit by Sam Gagner.
16:47 of 2nd period - Wrist shot by Michael Kostka.
16:47 of 2nd period - Goal by Michael Kostka - Monarchs : 1 - Blackdemons : 1.
16:48 of 2nd period - Sam Gagner wins face-off versus Peter Schaefer in neutral zone.
16:54 of 2nd period - Justin Schultz is hit by Enver Lisin and loses puck.
17:25 of 2nd period - Snap shot by Randy Robitaille.
17:25 of 2nd period - Stopped by Martin Biron without a rebound.
17:26 of 2nd period - Tommy Wingels wins face-off versus Sam Gagner in Blackdemons zone.
17:37 of 2nd period - Snap shot by Sam Gagner.
17:37 of 2nd period - Stopped by Sergei Bobrovsky without a rebound.
17:38 of 2nd period - Sam Gagner wins face-off versus Brayden Schenn in Monarchs zone.
17:39 of 2nd period - Snap shot by Zach Boychuk.
17:39 of 2nd period - Deflect By Sam Gagner.
17:39 of 2nd period - Stopped by Sergei Bobrovsky without a rebound.
17:40 of 2nd period - Brayden Schenn wins face-off versus Sam Gagner in Monarchs zone.
17:42 of 2nd period - Minor Penalty to Peter Schaefer for Elbowing.
17:43 of 2nd period - Sam Gagner wins face-off versus Randy Robitaille in Monarchs zone.
18:22 of 2nd period - Icing by Nate Prosser.
18:23 of 2nd period - Brock Trotter wins face-off versus Shawn Matthias in Blackdemons zone.
18:24 of 2nd period - Snap shot by Brayden Schenn.
18:24 of 2nd period - Stopped by Martin Biron with a rebound.
18:26 of 2nd period - Slapshot by Frederic St-Denis.
18:26 of 2nd period - Shot Blocked by Nate Prosser.
19:15 of 2nd period - Minor Penalty to Brendon Nash for Tripping.
19:16 of 2nd period - Sam Gagner wins face-off versus Brayden Schenn in Blackdemons zone.
19:42 of 2nd period - Penalty to Peter Schaefer is over, Peter Schaefer is back on ice.
19:47 of 2nd period - Icing by Peter Schaefer.
19:48 of 2nd period - Wayne Primeau wins face-off versus Brayden Schenn in Monarchs zone.
19:59 of 2nd period - Snap shot by Brian Gionta.
19:59 of 2nd period - Goal by Brian Gionta - Monarchs : 2 - Blackdemons : 1.
Goals for this period are 1 for Monarchs vs 1 for Blackdemons.
Shots for this period are 12 for Monarchs vs 8 for Blackdemons.
3rd period
0:01 of 3rd period - Sam Gagner wins face-off versus Brayden Schenn in neutral zone.
0:37 of 3rd period - Slapshot by Michael Kostka.
0:37 of 3rd period - Stopped by Sergei Bobrovsky without a rebound.
0:38 of 3rd period - Wayne Primeau wins face-off versus Brayden Schenn in Monarchs zone.
0:39 of 3rd period - Snap shot by Jakub Kindl.
0:39 of 3rd period - Stopped by Sergei Bobrovsky with a rebound.
0:41 of 3rd period - Backhand shot by Matt Calvert.
0:41 of 3rd period - Blackdemons goal is going for a video replay.
0:41 of 3rd period - The goal is good.
0:41 of 3rd period - Goal by Matt Calvert - Monarchs : 2 - Blackdemons : 2.
0:42 of 3rd period - Sam Gagner wins face-off versus Brayden Schenn in neutral zone.
0:53 of 3rd period - Slapshot by Peter Schaefer.
0:53 of 3rd period - Shot Misses the Net.
0:55 of 3rd period - Slapshot by John Moore.
0:55 of 3rd period - Stopped by Martin Biron with a rebound.
0:57 of 3rd period - Backhand shot by John Moore.
0:57 of 3rd period - Stopped by Martin Biron without a rebound.
0:58 of 3rd period - Shawn Matthias wins face-off versus Randy Robitaille in Blackdemons zone.
1:03 of 3rd period - John Moore is hit by Shawn Matthias.
1:28 of 3rd period - John Moore is hit by Enver Lisin.
1:48 of 3rd period - Tommy Wingels is hit by Alyn McCauley and loses puck.
2:24 of 3rd period - Slapshot by Dwight King.
2:24 of 3rd period - Shot Misses the Net.
2:26 of 3rd period - Slapshot by James Wisniewski.
2:26 of 3rd period - Stopped by Martin Biron with a rebound.
2:28 of 3rd period - Wrist shot by Dwight King.
2:28 of 3rd period - Shot Misses the Net.
2:42 of 3rd period - Jakub Kindl is hit by James Wisniewski and loses puck.
2:47 of 3rd period - Wrist shot by Brian Gionta.
2:47 of 3rd period - Deflect By Peter Schaefer.
2:47 of 3rd period - Shot Blocked by Michael Kostka.
2:47 of 3rd period - Puck is out of play.
2:48 of 3rd period - Sam Gagner wins face-off versus Brayden Schenn in Blackdemons zone.
3:25 of 3rd period - Snap shot by Randy Robitaille.
3:25 of 3rd period - Shot Misses the Net.
3:56 of 3rd period - Slapshot by Andrew MacDonald.
3:56 of 3rd period - Deflect By Barry Tallackson.
3:56 of 3rd period - Goal by Barry Tallackson - Monarchs : 2 - Blackdemons : 3.
3:57 of 3rd period - Sam Gagner wins face-off versus Brayden Schenn in neutral zone.
4:00 of 3rd period - Brayden Schenn is hit by Brendon Nash and loses puck.
4:44 of 3rd period - Brian Pothier is hit by Luca Caputi.
4:53 of 3rd period - Jakub Kindl is hit by Brian Pothier and loses puck.
5:10 of 3rd period - Snap shot by Dwight King.
5:10 of 3rd period - Shot Blocked by Barry Tallackson.
5:13 of 3rd period - Icing by Jakub Kindl.
5:14 of 3rd period - Brayden Schenn wins face-off versus Barry Tallackson in Blackdemons zone.
5:29 of 3rd period - John Moore is hit by Jakub Kindl and loses puck.
5:57 of 3rd period - Off-side.
5:58 of 3rd period - Sam Gagner wins face-off versus Randy Robitaille in neutral zone.
6:30 of 3rd period - Nate Prosser is hit by Randy Robitaille and loses puck.
6:35 of 3rd period - Snap shot by Brian Pothier.
6:35 of 3rd period - Deflect By David Clarkson.
6:35 of 3rd period - Stopped by Martin Biron without a rebound.
6:36 of 3rd period - Wayne Primeau wins face-off versus Tommy Wingels in Blackdemons zone.
6:51 of 3rd period - Snap shot by Marc-André Bernier.
6:51 of 3rd period - Stopped by Martin Biron without a rebound.
6:52 of 3rd period - Brayden Schenn wins face-off versus Sam Gagner in Blackdemons zone.
6:53 of 3rd period - Slapshot by Brian Gionta.
6:53 of 3rd period - Deflect By Nate Prosser.
6:53 of 3rd period - Shot Blocked by Nate Prosser.
6:53 of 3rd period - Puck is out of play.
6:54 of 3rd period - Brayden Schenn wins face-off versus Sam Gagner in Blackdemons zone.
6:57 of 3rd period - Wrist shot by Brian Gionta.
6:57 of 3rd period - Shot Misses the Net.
7:50 of 3rd period - David Clarkson is hit by Barry Tallackson and loses puck.
8:05 of 3rd period - Brian Pothier is hit by Mathieu Dandenault and loses puck.
8:08 of 3rd period - Slapshot by Brian Pothier.
8:08 of 3rd period - Shot Blocked by Steven Zalewski.
8:10 of 3rd period - Wrist shot by Marc-André Bernier.
8:10 of 3rd period - Shot Blocked by Steven Zalewski.
8:12 of 3rd period - Slapshot by Brian Pothier.
8:12 of 3rd period - Stopped by Martin Biron without a rebound.
8:13 of 3rd period - Sam Gagner wins face-off versus Matt Martin in Blackdemons zone.
9:12 of 3rd period - Snap shot by Marc-André Bernier.
9:12 of 3rd period - Shot Misses the Net.
9:29 of 3rd period - Nate Prosser is hit by Brian Gionta and loses puck.
9:48 of 3rd period - Snap shot by Dwight King.
9:48 of 3rd period - Stopped by Martin Biron without a rebound.
9:49 of 3rd period - Sam Gagner wins face-off versus Trevor Lewis in Blackdemons zone.
9:49 of 3rd period - Sam Gagner is hit by John Moore.
10:09 of 3rd period - Wrist shot by Dwight King.
10:09 of 3rd period - Goal by Dwight King - Monarchs : 3 - Blackdemons : 3.
10:10 of 3rd period - Brayden Schenn wins face-off versus Sam Gagner in neutral zone.
10:15 of 3rd period - Snap shot by John Moore.
10:15 of 3rd period - Shot Blocked by Sam Gagner.
11:04 of 3rd period - Slava Voynov is hit by Andrew MacDonald and loses puck.
11:48 of 3rd period - Slava Voynov is hit by Jakub Kindl and loses puck.
12:49 of 3rd period - Snap shot by Brian Gionta.
12:49 of 3rd period - Stopped by Martin Biron with a rebound.
12:51 of 3rd period - Snap shot by Peter Schaefer.
12:51 of 3rd period - Stopped by Martin Biron without a rebound.
12:52 of 3rd period - Shawn Matthias wins face-off versus David Clarkson in Blackdemons zone.
12:52 of 3rd period - Shawn Matthias is hit by James Wisniewski.
13:02 of 3rd period - Slapshot by James Wisniewski.
13:02 of 3rd period - Deflect By Barry Tallackson.
13:02 of 3rd period - Stopped by Martin Biron without a rebound.
13:03 of 3rd period - Shawn Matthias wins face-off versus Brayden Schenn in Blackdemons zone.
13:03 of 3rd period - Shawn Matthias is hit by Peter Schaefer.
13:11 of 3rd period - Snap shot by Barry Tallackson.
13:11 of 3rd period - Stopped by Sergei Bobrovsky without a rebound.
13:12 of 3rd period - Shawn Matthias wins face-off versus Brayden Schenn in Monarchs zone.
13:22 of 3rd period - Slapshot by Nate Prosser.
13:22 of 3rd period - Stopped by Sergei Bobrovsky with a rebound.
13:30 of 3rd period - Wrist shot by Shawn Matthias.
13:30 of 3rd period - Stopped by Sergei Bobrovsky without a rebound.
13:31 of 3rd period - Enver Lisin wins face-off versus Randy Robitaille in Monarchs zone.
13:39 of 3rd period - Minor Penalty to Brian Pothier for Holding.
13:40 of 3rd period - Zach Boychuk wins face-off versus Randy Robitaille in Monarchs zone.
13:40 of 3rd period - Snap shot by Sam Gagner.
13:40 of 3rd period - Stopped by Sergei Bobrovsky with a rebound.
13:42 of 3rd period - Snap shot by Enver Lisin.
13:42 of 3rd period - Blackdemons goal is going for a video replay.
13:42 of 3rd period - The goal is good.
13:42 of 3rd period - Goal by Enver Lisin - Monarchs : 3 - Blackdemons : 4.
13:43 of 3rd period - Brayden Schenn wins face-off versus Sam Gagner in neutral zone.
13:46 of 3rd period - Snap shot by Brian Gionta.
13:46 of 3rd period - Shot Misses the Net.
14:10 of 3rd period - Nate Prosser is hit by Matt Martin and loses puck.
15:03 of 3rd period - Steven Zalewski is hit by John Moore and loses puck.
15:23 of 3rd period - Minor Penalty to Brian Gionta for Hooking.
15:24 of 3rd period - Randy Robitaille wins face-off versus Sam Gagner in Monarchs zone.
16:30 of 3rd period - Icing by Andrew MacDonald.
16:31 of 3rd period - Tommy Wingels wins face-off versus Sam Gagner in Blackdemons zone.
16:36 of 3rd period - Slapshot by David Clarkson.
16:36 of 3rd period - Stopped by Martin Biron without a rebound.
16:37 of 3rd period - Peter Schaefer wins face-off versus Sam Gagner in Blackdemons zone.
16:56 of 3rd period - Wrist shot by Barry Tallackson.
16:56 of 3rd period - Shot Blocked by Brian Pothier.
16:58 of 3rd period - Slapshot by Nate Prosser.
16:58 of 3rd period - Stopped by Sergei Bobrovsky without a rebound.
16:59 of 3rd period - Sam Gagner wins face-off versus Randy Robitaille in Monarchs zone.
17:23 of 3rd period - Penalty to Brian Gionta is over, Brian Gionta is back on ice.
17:29 of 3rd period - Wrist shot by Brian Gionta.
17:29 of 3rd period - Stopped by Martin Biron with a rebound.
17:39 of 3rd period - Snap shot by Brian Gionta.
17:39 of 3rd period - Shot Blocked by Brendon Nash.
17:41 of 3rd period - Slapshot by Kyle Wharton.
17:41 of 3rd period - Stopped by Martin Biron with a rebound.
17:43 of 3rd period - Slapshot by Frederic St-Denis.
17:43 of 3rd period - Stopped by Martin Biron with a rebound.
18:28 of 3rd period - Snap shot by Brian Gionta.
18:28 of 3rd period - Stopped by Martin Biron with a rebound.
18:30 of 3rd period - Snap shot by Brian Gionta.
18:30 of 3rd period - Stopped by Martin Biron without a rebound.
18:31 of 3rd period - Wayne Primeau wins face-off versus Randy Robitaille in Blackdemons zone.
18:36 of 3rd period - Wrist shot by Alyn McCauley.
18:36 of 3rd period - Shot Misses the Net.
18:58 of 3rd period - Matt Hunwick is hit by Justin Schultz.
19:12 of 3rd period - Wrist shot by Wayne Primeau.
19:12 of 3rd period - Shot Blocked by Justin Schultz.
19:42 of 3rd period - Monarchs , Sergei Bobrovsky is pulled from the net.
19:42 of 3rd period - Snap shot by Brian Pothier.
19:42 of 3rd period - Deflect By Marc-André Bernier.
19:42 of 3rd period - Shot Misses the Net.
19:42 of 3rd period - Puck is out of play.
19:43 of 3rd period - Bruce Boudreau call a timeout for Monarchs .
19:43 of 3rd period - Wayne Primeau wins face-off versus Brayden Schenn in Blackdemons zone.
Goals for this period are 1 for Monarchs vs 3 for Blackdemons.
Shots for this period are 17 for Monarchs vs 10 for Blackdemons.
Output by the SimonT Hockey Simulator (STHS) for François Prévost -- Original Page W3C XHTML 1.0 Valid